 Dungeon Crawl Stone Soup version 0.29.0-4-gdea44cf6ec (webtiles) character file.

Game seed: 13780825297718825354

3219 qw the Cleaver (level 9, -3/54 HPs)
             Began as a Tengu Warper on Aug 28, 2022.
             Was a Believer of Okawaru.
             Slain by an orc warrior
             ... wielding a +0 halberd
              (11 damage)
             ... on level 8 of the Dungeon.
             The game lasted 00:01:01 (8475 turns).

qw the Cleaver (Tengu Warper)                       Turns: 8475, Time: 00:01:01

Health: -3/54      AC: 15    Str: 15    XL:     9   Next: 97%
Magic:  11/13      EV: 11    Int: 14    God:    Okawaru [**....]
Gold:   459        SH: 12    Dex: 14    Spells: 12/12 levels left

rFire   . . .      SeeInvis .   Y - +2 hand axe
rCold   . . .      Faith    .   b - +0 kite shield
rNeg    . . .      Spirit   .   n - +0 plate armour
rPois   .          Reflect  .   (helmet restricted)
rElec   .          Harm     .   e - +0 cloak
rCorr   .          Rampage  .   (no gloves)
Will    .....                   (boots unavailable)
Stlth   ..........              (no amulet)
HPRegen 0.18/turn               g - +4 ring of slaying {mikee}
MPRegen 0.13/turn               h - +4 ring of evasion

@: heroic, flying quickly and evasively, quick
A: beak, talons 3, nimble flight
a: Renounce Religion, Heroism


You were on level 8 of the Dungeon.
You worshipped Okawaru.
Okawaru was pleased with you.
You visited 2 branches of the dungeon, and saw 9 of its levels.
You also visited: Ossuary.

You collected 504 gold pieces.
You spent 45 gold pieces at shops.


Innate Abilities, Weirdness & Mutations

You have a beak for a mouth.
You have claws for feet.
Your magical nature lets you fly swiftly and evasively.


   Skills:
 - Level 5.1(10.1) Fighting
 + Level 10.0(15.0) Axes
 - Level 1.0(6.0) Throwing
 - Level 5.0(10.0) Armour
 - Level 2.1(7.1) Dodging
 - Level 6.1(11.1) Shields
 - Level 2.0 Spellcasting
 - Level 2.4 Translocations
 - Level 4.1 Invocations


You had 12 spell levels left.
You didn't know any spells.
Your spell library contained the following spells:

 Spells                   Type           Power      Damage    Failure   Level
 Blink                    Tloc           16%        N/A       100%        2
 Gell's Gravitas          Tloc           8%         N/A       100%        3
 Lesser Beckoning         Tloc           8%         N/A       100%        3
 Teleport Other           Tloc           8%         N/A       100%        3
 Manifold Assault         Tloc           8%         N/A       100%        5

Inventory:

Hand Weapons
 m - a +0 morningstar
 Y - a +2 hand axe (weapon)
Armour
 b - a +0 kite shield (worn)
 e - a +0 cloak (worn)
 n - a +0 plate armour (worn)
Jewellery
 g - a +4 ring of slaying (left hand) {mikee}
 h - a +4 ring of evasion (right hand)
Scrolls
 o - a scroll of identify
Potions
 a - 8 potions of curing
 i - 2 potions of cancellation
 j - a potion of haste
 k - a potion of mutation
 p - 3 potions of might

Dungeon Overview and Level Annotations

Branches:
Dungeon (8/15)             Temple (1/1) D:5         Ossuary (visited)
   Lair: D:8-11

Altars:
Ashenzari
Cheibriados
Dithmenos
Fedhas
Hepliaklqana
Kikubaaqudgha
Makhleb
Nemelex Xobeh
Okawaru
Qazlal
Ru
Sif Muna
Uskayaw
Vehumet
Wu Jian
Xom
Yredelemnul
The Shining One

Shops:
D:4 *


Message History

You swing at nothing.
You swing at nothing.
You swing at nothing.
You swing at nothing.
You swing at nothing.
You swing at nothing.
You swing at nothing.
You swing at nothing.
You swing at nothing.
You swing at nothing.
You swing at nothing.
You swing at nothing.
You swing at nothing.
You swing at nothing.
You swing at nothing.
You swing at nothing.
You swing at nothing.
You swing at nothing.
You swing at nothing.
You swing at nothing.
You swing at nothing.
You swing at nothing.
You swing at nothing.
You feel like a meek peon again.
You swing at nothing.
You swing at nothing.
You swing at nothing.
You swing at nothing.
You swing at nothing.
You swing at nothing.
You swing at nothing.
8470 ||| INVOKING Heroism.
You gain the combat prowess of a mighty hero.
The orc warrior shouts!
The orc warrior throws a stone.
The stone closely misses you.
You see here a +0 leather armour.
The orc warrior throws a stone.
The stone misses you.
The orc warrior hits you from afar with a +0 halberd.
The orc warrior hits you with a +0 halberd!
You die...

... #....####¤...0# #.###
###....#..#.....###
...#...###............_....#
... ###...).#.##....#.....#.#
#.###.))..#...##....#....¤#.#
.....[).###.....)...###.###.#
......).##..###).........##.#
........#..#####.o..........#
........#.#..[..@..!....#####
............####.........#
......!.##### #.........#
........# #.........#
...##..## #....<....#
#........##### #.........#
.....PP.....####.<.....##
....P.P......###.....##
.....P.......# #######


You could see an orc warrior.

Vanquished Creatures
  A hornet (D:8)
  A steam dragon (D:7)
  2 water moccasins (D:7)
  A sky beast (D:6)
  2 ice beasts
  2 ogres
  A centaur (D:6)
  A phantom (D:4)
  2 necrophages
  3 bullfrogs
  4 scorpions
  A water moccasin zombie (Ossuary)
  8 wights
  A centaur zombie (Ossuary)
  A howler monkey (D:4)
  A bullfrog zombie (Ossuary)
  2 jellies
  3 orc priests
  7 hounds
  2 orc wizards
  8 iguanas
  2 scorpion zombies (Ossuary)
  An ogre zombie (Ossuary)
  12 adders
  2 white imps
  2 ufetubi (D:6)
  2 adder zombies (Ossuary)
  A worm (D:5)
  29 orcs
  13 endoplasms
  5 giant cockroaches
  6 goblins
  16 hobgoblins
  7 jackals
  15 kobolds
  3 quokkas
  8 ball pythons
  11 bats
  3 frilled lizards
  A gnoll zombie (Ossuary)
  2 goblin zombies (Ossuary)
  6 hobgoblin zombies (Ossuary)
  2 orc zombies (Ossuary)
  7 rats
210 creatures vanquished.

Vanquished Creatures (others)
  13 fungi (D:8)
  10 plants (D:8)
23 creatures vanquished.

Grand Total: 233 creatures vanquished

Notes
Turn   | Place    | Note
-------+----------+-------------------------------------------
     0 | D:1      | qw the Tengu Warper began the quest for the Orb.
     0 | D:1      | Reached XP level 1. HP: 12/12 MP: 4/4
     0 | D:1      | 0 ||| qw: Version: 0.1-a-89-g26bdef1
     0 | D:1      | 0 ||| qw: Game counter: 1162
     0 | D:1      | 0 ||| qw: Always use a shield: true
     0 | D:1      | 0 ||| qw: God list: Okawaru
     0 | D:1      | 0 ||| qw: Allow faded altars: false
     0 | D:1      | 0 ||| qw: Do Orc after D:15 true
     0 | D:1      | 0 ||| qw: Do second Lair branch before Depths: true
     0 | D:1      | 0 ||| qw: Lair rune preference: random
     0 | D:1      | 0 ||| qw: Plans: Normal
     0 | D:1      | 0 ||| PLANNING D:1-11
    30 | D:1      | Found a faded altar of an unknown god.
    61 | D:1      | Reached skill level 3 in Axes
    61 | D:1      | Reached XP level 2. HP: 6/17 MP: 6/6
    69 | D:1      | 69 ||| Stepping ~*~*~tactically~*~*~ (stealth).
    71 | D:1      | 71 ||| Stepping ~*~*~tactically~*~*~ (stealth).
    75 | D:1      | 75 ||| Stepping ~*~*~tactically~*~*~ (stealth).
    83 | D:1      | 83 ||| Stepping ~*~*~tactically~*~*~ (stealth).
    88 | D:1      | 88 ||| Stepping ~*~*~tactically~*~*~ (stealth).
    89 | D:1      | 89 ||| Stepping ~*~*~tactically~*~*~ (stealth).
   129 | D:1      | 129 ||| Stepping ~*~*~tactically~*~*~ (stealth).
   130 | D:1      | 130 ||| Stepping ~*~*~tactically~*~*~ (stealth).
   133 | D:1      | 133 ||| Stepping ~*~*~tactically~*~*~ (stealth).
   135 | D:1      | 135 ||| Stepping ~*~*~tactically~*~*~ (stealth).
   136 | D:1      | 136 ||| Stepping ~*~*~tactically~*~*~ (stealth).
   137 | D:1      | 137 ||| Stepping ~*~*~tactically~*~*~ (stealth).
   138 | D:1      | 138 ||| Stepping ~*~*~tactically~*~*~ (stealth).
   323 | D:1      | 323 ||| Stepping ~*~*~tactically~*~*~ (stealth).
   594 | D:1      | Reached XP level 3. HP: 21/21 MP: 7/7
   890 | D:1      | Reached skill level 4 in Axes
  1089 | D:1      | 1089 ||| Stepping ~*~*~tactically~*~*~ (stealth).
  1137 | D:1      | 1137 ||| DROPPING +0 whip.
  1467 | D:1      | 1467 ||| UPGRADING to +4 ring of slaying {mikee}.
  1468 | D:1      | 1468 ||| UPGRADING to +4 ring of evasion.
  1469 | D:1      | 1469 ||| READING scroll labelled LUIGAG EDIE.
  1474 | D:1      | 1474 ||| READING scroll labelled GOMIGR PYOTZ.
  1475 | D:1      | 1475 ||| READING scroll labelled ZULEFE MOIBB.
  1476 | D:1      | 1476 ||| READING scroll labelled RIZINT LYEL.
  1477 | D:1      | 1477 ||| DRINKING 2 dark potions.
  1582 | D:1      | 1582 ||| DRINKING 2 sapphire potions.
  1583 | D:1      | 1583 ||| DROPPING scroll of blinking.
  1584 | D:1      | 1584 ||| DROPPING potion of berserk rage.
  1625 | D:2      | 1625 ||| Stepping ~*~*~tactically~*~*~ (stealth).
  1629 | D:2      | 1629 ||| Stepping ~*~*~tactically~*~*~ (stealth).
  1631 | D:2      | 1631 ||| Stepping ~*~*~tactically~*~*~ (stealth).
  1662 | D:2      | Reached XP level 4. HP: 23/26 MP: 8/8
  1812 | D:2      | Reached skill level 5 in Axes
  1951 | D:2      | 1951 ||| Stepping ~*~*~tactically~*~*~ (stealth).
  2307 | D:2      | 2307 ||| UPGRADING to +0 scale mail.
  2317 | D:2      | 2317 ||| DROPPING +0 leather armour.
  2318 | D:2      | 2318 ||| READING 2 scrolls labelled COUN FASIOWEOF.
  2319 | D:2      | 2319 ||| READING scroll of enchant weapon.
  2319 | D:2      | 2319 ||| ENCHANTING +1 hand axe.
  2320 | D:2      | 2320 ||| READING scroll labelled PAAKLUNWUNUG.
  2321 | D:2      | 2321 ||| READING scroll labelled LEFACIG IMIEMU.
  2322 | D:2      | 2322 ||| READING 2 scrolls of identify.
  2322 | D:2      | 2322 ||| IDENTIFYING purple potion
  2323 | D:2      | 2323 ||| DROPPING potion of ambrosia.
  2369 | D:3      | Gained mutation: Your magical nature lets you fly swiftly
                  | and evasively. [Tengu growth]
  2369 | D:3      | Reached XP level 5. HP: 30/30 MP: 9/9
  2385 | D:3      | 2385 ||| Stepping ~*~*~tactically~*~*~ (hiding).
  2441 | D:3      | Reached skill level 6 in Axes
  2442 | D:3      | 2442 ||| FLEEEEING.
  2442 | D:3      | Found a blossoming altar of Fedhas.
  2443 | D:3      | 2443 ||| FLEEEEING.
  2444 | D:3      | 2444 ||| FLEEEEING.
  2445 | D:3      | 2445 ||| FLEEEEING.
  2446 | D:3      | 2446 ||| FLEEEEING.
  2447 | D:3      | 2447 ||| FLEEEEING.
  2448 | D:3      | 2448 ||| FLEEEEING.
  2449 | D:3      | 2449 ||| FLEEEEING.
  2450 | D:3      | 2450 ||| FLEEEEING.
  2451 | D:3      | 2451 ||| FLEEEEING.
  2452 | D:3      | 2452 ||| FLEEEEING.
  2453 | D:3      | 2453 ||| FLEEEEING.
  2454 | D:3      | 2454 ||| FLEEEEING.
  2455 | D:3      | 2455 ||| FLEEEEING.
  2456 | D:3      | 2456 ||| FLEEEEING.
  2457 | D:3      | 2457 ||| FLEEEEING.
  2458 | D:3      | 2458 ||| FLEEEEING.
  2459 | D:3      | 2459 ||| FLEEEEING.
  2460 | D:3      | 2460 ||| FLEEEEING.
  2461 | D:3      | 2461 ||| FLEEEEING.
  2462 | D:3      | 2462 ||| FLEEEEING.
  2463 | D:3      | 2463 ||| STAIRDANCE
  2564 | D:2      | 2564 ||| READING 3 scrolls of identify.
  2564 | D:2      | 2564 ||| IDENTIFYING fizzy amethyst potion
  2565 | D:2      | 2565 ||| READING 2 scrolls of identify.
  2565 | D:2      | 2565 ||| IDENTIFYING bubbling green potion
  2569 | D:3      | 2569 ||| STAIRDANCE
  2641 | D:3      | 2641 ||| FLEEEEING.
  2642 | D:3      | 2642 ||| FLEEEEING.
  2643 | D:3      | 2643 ||| FLEEEEING.
  2644 | D:3      | 2644 ||| FLEEEEING.
  2648 | D:3      | 2648 ||| FLEEEEING.
  2649 | D:3      | 2649 ||| FLEEEEING.
  2650 | D:3      | 2650 ||| STAIRDANCE
  2689 | D:3      | 2689 ||| DROPPING +2 mace of holy wrath.
  3006 | D:3      | 3006 ||| UPGRADING to +0 plate armour.
  3016 | D:3      | 3016 ||| DROPPING +0 scale mail.
  3017 | D:3      | 3017 ||| UPGRADING to amulet of guardian spirit.
  3022 | D:3      | 3022 ||| READING scroll labelled MOAJUI TURA.
  3023 | D:3      | 3023 ||| READING scroll labelled UDYHUDOFRU.
  3024 | D:3      | 3024 ||| DRINKING 2 glowing yellow potions.
  3025 | D:3      | 3025 ||| READING 2 scrolls of identify.
  3025 | D:3      | 3025 ||| IDENTIFYING clear potion
  3026 | D:3      | 3026 ||| DROPPING potion of flight.
  3027 | D:3      | 3027 ||| DROPPING potion of magic.
  3028 | D:3      | 3028 ||| READING scroll of teleportation.
  3100 | D:4      | Reached XP level 6. HP: 35/35 MP: 10/10
  3101 | D:4      | Found a hide-covered altar of Uskayaw.
  3143 | D:4      | 3143 ||| Stepping ~*~*~tactically~*~*~ (stealth).
  3154 | D:4      | 3154 ||| Stepping ~*~*~tactically~*~*~ (stealth).
  3179 | D:4      | Found Yshah's Neck Hole.
  3189 | D:4      | 3189 ||| BUYING +0 cloak (45 gold).
  3189 | D:4      | Bought a +0 cloak for 45 gold pieces
  3486 | D:4      | Reached skill level 7 in Axes
  3671 | D:4      | Found a burning altar of Makhleb.
  3729 | D:4      | Reached skill level 3 in Armour
  3855 | D:4      | 3855 ||| Stepping ~*~*~tactically~*~*~ (stealth).
  3858 | D:4      | 3858 ||| Stepping ~*~*~tactically~*~*~ (stealth).
  3864 | D:4      | Reached XP level 7. HP: 40/40 MP: 11/11
  3866 | D:4      | 3866 ||| Stepping ~*~*~tactically~*~*~ (stealth).
  3870 | D:4      | 3870 ||| Stepping ~*~*~tactically~*~*~ (stealth).
  3878 | D:4      | Reached skill level 3 in Fighting
  3896 | D:4      | 3896 ||| Stepping ~*~*~tactically~*~*~ (stealth).
  3923 | D:4      | 3923 ||| Stepping ~*~*~tactically~*~*~ (stealth).
  3924 | D:4      | 3924 ||| Stepping ~*~*~tactically~*~*~ (stealth).
  3927 | D:4      | 3927 ||| Stepping ~*~*~tactically~*~*~ (stealth).
  3940 | D:4      | Reached skill level 8 in Axes
  4263 | D:4      | 4263 ||| UPGRADING to +0 cloak.
  4268 | D:4      | 4268 ||| READING scroll labelled LEWEUGG KEYPOF.
  4369 | D:4      | 4369 ||| DRINKING 2 black potions.
  4370 | D:4      | 4370 ||| DRINKING 2 bubbling purple potions.
  4371 | D:4      | 4371 ||| DRINKING 3 puce potions.
  4372 | D:4      | 4372 ||| DROPPING potion of brilliance.
  4415 | D:4      | 4415 ||| Stepping ~*~*~tactically~*~*~ (stealth).
  4418 | D:5      | Entered Level 5 of the Dungeon
  4616 | D:5      | Reached XP level 8. HP: 44/46 MP: 12/12
  4744 | D:5      | Found a staircase to the Ecumenical Temple.
  4745 | D:5      | 4745 ||| PLANNING TEMPLE
  4745 | D:5      | 4745 ||| READING 2 scrolls labelled GOCHORH TEUSAA.
  4746 | D:5      | 4746 ||| READING scroll labelled XAASAA IGGIYGH.
  4747 | D:5      | 4747 ||| READING 3 scrolls of identify.
  4747 | D:5      | 4747 ||| IDENTIFYING silvery potion
  4748 | D:5      | 4748 ||| READING 2 scrolls of identify.
  4748 | D:5      | 4748 ||| IDENTIFYING golden potion
  4749 | D:5      | 4749 ||| DROPPING scroll of magic mapping.
  4750 | D:5      | 4750 ||| DROPPING potion of attraction.
  4767 | D:5      | Reached skill level 9 in Axes
  4827 | Temple   | Entered the Ecumenical Temple
  4838 | Temple   | Became a worshipper of Warmaster Okawaru
  4839 | Temple   | 4839 ||| REMOVING amulet of guardian spirit.
  4975 | Temple   | 4975 ||| PLANNING D:1-11
  4975 | Temple   | 4975 ||| DROPPING amulet of guardian spirit.
  5039 | D:5      | 5039 ||| Stepping ~*~*~tactically~*~*~ (stealth).
  5042 | D:5      | 5042 ||| Stepping ~*~*~tactically~*~*~ (stealth).
  5081 | D:5      | 5081 ||| DROPPING +0 flail.
  5682 | D:6      | 5682 ||| FLEEEEING.
  5688 | D:6      | 5688 ||| STAIRDANCE
  6122 | D:6      | 6122 ||| Stepping ~*~*~tactically~*~*~ (stealth).
  6126 | D:6      | Reached skill level 10 in Axes
  6127 | D:6      | 6127 ||| Stepping ~*~*~tactically~*~*~ (stealth).
  6131 | D:6      | 6131 ||| Stepping ~*~*~tactically~*~*~ (stealth).
  6136 | D:6      | Reached * piety under Okawaru
  6141 | D:6      | Reached skill level 1 in Invocations
  6246 | D:6      | Found a sparkling altar of Nemelex Xobeh.
  6246 | D:6      | Found a glowing golden altar of the Shining One.
  6299 | D:6      | Reached XP level 9. HP: 48/52 MP: 13/13
  6375 | D:6      | Found a hazy altar of Hepliaklqana.
  6432 | D:6      | 6432 ||| INVOKING Heroism.
  6451 | D:6      | Found a broken altar of Ashenzari.
  6685 | D:7      | 6685 ||| PLANNING OSSUARY
  6891 | D:7      | Found a sand-covered staircase.
  6892 | D:7      | 6892 ||| UPGRADING to +0 kite shield.
  6901 | Ossuary  | Entered an ossuary
  7037 | Ossuary  | Reached skill level 1 in Shields
  7062 | Ossuary  | Reached skill level 3 in Invocations
  7283 | Ossuary  | Noticed a silent spectre
  7312 | D:7      | 7312 ||| PLANNING D:1-11
  7417 | D:7      | 7417 ||| Stepping ~*~*~tactically~*~*~ (hiding).
  7419 | D:7      | 7419 ||| INVOKING Heroism.
  7436 | D:7      | Reached skill level 3 in Shields
  7598 | D:7      | 7598 ||| DROPPING +2 vampiric whip.
  7622 | D:7      | You are sucked into a shaft and drop 1 floor!
  7623 | D:8      | 7623 ||| READING 2 scrolls of identify.
  7623 | D:8      | 7623 ||| IDENTIFYING sedimented emerald potion
  7624 | D:8      | 7624 ||| DROPPING potion of degeneration.
  7649 | D:7      | Identified the +1 ring mail of Feobill {Rampage rPois}
  7744 | D:7      | Reached ** piety under Okawaru
  7969 | D:7      | Found a sacrificial altar of Ru.
  8075 | D:7      | 8075 ||| READING scroll labelled FEUMOS PIFUPRI.
  8109 | D:8      | Found a stormy altar of Qazlal.
  8129 | D:8      | Noticed a hornet
  8161 | D:8      | 8161 ||| INVOKING Heroism.
  8193 | D:8      | Noticed a hornet
  8197 | D:8      | 8197 ||| INVOKING Heroism.
  8205 | D:8      | Killed a hornet
  8205 | D:8      | HP: 12/52 [poisoned by a hornet]
  8206 | D:8      | Reached skill level 6 in Shields
  8206 | D:8      | 8206 ||| DRINKING 9 potions of curing.
  8206 | D:8      | 8206 ||| (to cure poison)
  8230 | D:8      | 8230 ||| FLEEEEING.
  8266 | D:8      | 8266 ||| FLEEEEING.
  8268 | D:8      | 8268 ||| FLEEEEING.
  8273 | D:8      | 8273 ||| STAIRDANCE
  8376 | D:7      | 8376 ||| READING 2 scrolls of identify.
  8376 | D:7      | 8376 ||| IDENTIFYING bubbling cyan potion
  8377 | D:7      | 8377 ||| DROPPING potion of lignification.
  8384 | D:8      | 8384 ||| INVOKING Heroism.
  8392 | D:8      | Paralysed by something for 5 turns
  8395 | D:8      | HP: 11/53 [orc warrior/+0 halberd (10)]
  8395 | D:8      | HP: 4/53 [something/magic dart (7)]
  8397 | D:8      | HP: 1/53 [orc warrior/+0 halberd (3)]
  8398 | D:8      | 8398 ||| READING 4 scrolls of teleportation.
  8399 | D:8      | 8399 ||| DRINKING potion of heal wounds.
  8417 | D:8      | 8417 ||| INVOKING Heroism.
  8421 | D:8      | 8421 ||| Stepping ~*~*~tactically~*~*~ (stealth).
  8423 | D:8      | HP: 12/53 [poisoned by a kobold brigand (curare-tipped
                  | dart)]
  8424 | D:8      | 8424 ||| READING 3 scrolls of teleportation.
  8428 | D:8      | Found a shimmering blue altar of Sif Muna.
  8428 | D:8      | HP: 5/53 [poisoned by a kobold brigand (curare-tipped
                  | dart)]
  8429 | D:8      | 8429 ||| READING 2 scrolls of teleportation.
  8434 | D:8      | 8434 ||| READING scroll of teleportation.
  8435 | D:8      | 8435 ||| INVOKING Heroism.
  8470 | D:8      | 8470 ||| INVOKING Heroism.
  8474 | D:8      | HP: 7/54 [orc warrior/+0 halberd (2)]
  8475 | D:8      | Slain by an orc warrior

Levels and vault maps discovered:
D:1:      ncdulo_wetmaze, layout_basic, hellmonk_ecumenical_altar_zigzags,
          minmay_pentomino_z4
D:2:      minmay_evil_eye, layout_loops_cross
D:3:      layout_rooms, fedhas_altar_2
D:4:      minmay_bubble_buster, layout_basic, bloody_makhleb,
          mainiacjoe_overflow_small_starburst, nicolae_shop_sticking_my_neck_out
D:5:      layout_cave_pods, minmay_temple_entry_large_hall,
          minmay_misc_feat_tower
D:6:      layout_basic, mainiacjoe_overflow_alcove_2,
          nicolae_ashenzari_panopticon, gammafunk_temple_overflow_elements
D:7:      layout_loops_ring, nicolae_ru_sacrificial_ziggurat, enter_ossuary_2
D:8:      layout_rooms, grunt_qazlal_clouds,
          mainiacjoe_overflow_large_starburst, grunt_lair_entry_orc_guard_hut,
          nicolae_fountain_basement
Temple:   hellmonk_temple_flake

Skill      XL: |  1  2  3  4  5  6  7  8  9 |
---------------+----------------------------+-----
Axes           | 3 4 5 6 7 8 10 | 10.0
Armour         | 3 4 5 |  5.0
Fighting       | 3 4 5 |  5.1
Invocations    | 1 4 |  4.1
Shields        | 6 |  6.1
Throwing       | |  1.0
Dodging        | |  2.1
Spellcasting   | |  2.0
Translocations | |  2.4

Action                   |  1- 3 |  4- 6 |  7- 9 || total
-------------------------+-------+-------+-------++-------
Melee: Hand axe          |   112 |    78 |   248 ||   438
       Kick              |    18 |    17 |    72 ||   107
       Peck              |    17 |    17 |    47 ||    81
       Punch             |       |     3 |     1 ||     4
Throw: Boomerang         |     7 |    77 |    53 ||   137
Invok: Heroism           |       |       |     8 ||     8
  Use: Scroll            |     4 |    11 |    12 ||    27
       Potion            |     2 |     1 |     5 ||     8
Armor: Leather armour    |    25 |     3 |       ||    28
       Scale mail        |       |     9 |       ||     9
       Plate armour      |       |     4 |   104 ||   108
Dodge: Dodged            |    62 |    32 |    75 ||   169
Block: Kite shield       |       |       |    37 ||    37

Table legend:
 A = Non-vault XP
 B = Vault XP
 C = Vault XP percentage of total XP
 D = Non-vault monster count
 E = Vault monster count
 F = Vault count percentage of total count
                 A         B        C        D         E       F
            +---------+---------+-------+---------+---------+-------
      Total |    3505 |    1094 |  23.8 |     162 |      48 |  22.9
            +---------+---------+-------+---------+---------+-------
        D:1 |      59 |       4 |   6.3 |      35 |       3 |   7.9
        D:2 |      79 |      21 |  21.0 |      18 |       5 |  21.7
        D:3 |     150 |       0 |   0.0 |      31 |       0 |   0.0
        D:4 |     298 |     443 |  59.8 |      24 |      17 |  41.5
        D:5 |     550 |       0 |   0.0 |      18 |       0 |   0.0
        D:6 |     795 |       0 |   0.0 |      15 |       0 |   0.0
        D:7 |     896 |       0 |   0.0 |       8 |       0 |   0.0
        D:8 |     678 |     264 |  28.0 |      13 |       3 |  18.8
    Ossuary |       0 |     362 | 100.0 |       0 |      20 | 100.0
            +---------+---------+-------+---------+---------+-------
